 Dungeon Crawl Stone Soup version 0.30-a0-878-gc727b3d3d6 (console) character file.

Game seed: 17561573463762383396

1932 Banquo the Magician (level 9, -5/59 HPs)
             Began as a Djinni Hedge Wizard on Mar 12, 2023.
             Was an Initiate of Gozag.
             Hit by a large rock thrown by a cyclops (21 damage)
             ... on level 7 of the Dungeon on Mar 13, 2023.
             The game lasted 00:29:16 (8187 turns).

Banquo the Magician (Djinni Hedge Wizard)           Turns: 8187, Time: 00:29:16

Health: -5/59      AC: 10    Str:  9    XL:     9   Next: 40%
Gold:   669        EV: 12    Int: 21    God:    Gozag SH:  9 Dex: 18

rFire   + + .      SeeInvis .    M - +2 short sword (venom)
rCold   x . .      Faith    .    i - +0 kite shield
rNeg    . . .      Spirit   .    d - +0 robe
rPois   ∞          Reflect  .    h - +2 helmet
rElec   .          Rampage  .    (no cloak)
rCorr   .                        g - +0 pair of gloves
Will    .....                    (boots unavailable)
Stlth   +++                      (no amulet)
HPRegen 0.29/turn                A - +4 ring of protection
MPRegen 0.00/turn                C - +6 ring of dexterity

@: flying
A: sickness immunity, fire resistance 2, cold vulnerability 1, float, innate
caster, HP casting, extra vitality 1
a: Renounce Religion, Potion Petition, Call Merchant, Bribe Branch


You were on level 7 of the Dungeon.
You worshipped Gozag.
Gozag was pleased with you.
You visited 2 branches of the dungeon, and saw 8 of its levels.

You collected 714 gold pieces.
You paid 45 gold pieces to Gozag.

Inventory:

Hand Weapons
 a - a +0 dagger of speed
 k - a +0 dagger
 p - a +0 war axe
 x - a +0 rapier
 M - a +2 short sword of venom (weapon)
 N - a +2 spear of freezing
Missiles
 f - a throwing net
Armour
 d - a +0 robe (worn)
 g - a +0 pair of gloves (worn)
 h - a +2 helmet (worn)
 i - a +0 kite shield (worn)
 q - a scarf of shadows
Magical Staves
 o - a staff of poison
 s - a staff of air
 v - a staff of earth
Jewellery
 A - a +4 ring of protection (left hand)
 C - a +6 ring of dexterity (right hand)
Wands
 l - a wand of light (6)
 w - a wand of paralysis (14)
Scrolls
 e - a scroll of enchant armour {unknown}
 r - a scroll of magic mapping {unknown}
 t - a scroll of torment {unknown}
 u - a scroll of noise {unknown}
 y - a scroll of amnesia {unknown}
 B - a scroll of silence {unknown}
 D - a scroll of teleportation {unknown}
 F - a scroll of fog {unknown}
 G - a scroll of enchant weapon {unknown}
 L - a scroll of identify
 O - 5 scrolls of blinking {unknown}
 P - a scroll of acquirement {unknown}
Potions
 b - 2 potions of cancellation
 c - a potion of flight {unknown}
 j - 3 potions of invisibility
 m - 3 potions of lignification
 n - 3 potions of curing
 z - a potion of brilliance
 E - 3 potions of haste
 H - a potion of heal wounds
 I - a potion of resistance {unknown}
 J - 2 potions of mutation {unknown}
 K - 2 potions of degeneration {unknown}


   Skills:
 * Level 2.7 Fighting
 - Level 0.7 Short Blades
 * Level 4.3 Dodging
 - Level 4.1 Stealth
 * Level 2.4 Shields
 - Level 7.5 Spellcasting


You knew the following spells:

 Your Spells              Type           Power      Damage    Failure   Level
a - Magic Dart            Conj           100%       1d8       1%          1
b - Ensorcelled Hibernat  Hex/Ice        78%        N/A       1%          2
c - Mephitic Cloud        Conj/Pois/Air  39%        N/A       3%          3
d - Sandblast             Erth           78%        2d17      1%          1
e - Animate Dead          Necr           39%        N/A       12%         4
i - Call Imp              Summ           39%        N/A       1%          2
s - Slow                  Hex            100%       N/A       1%          1
A - Ozocubu's Armour      Ice            39%        N/A       3%          3
B - Blink                 Tloc           78%        N/A       1%          2
Your spell library was empty.

Dungeon Overview and Level Annotations

Branches:
Dungeon (7/15)             Temple (1/1) D:4

Altars:
Ashenzari
Cheibriados
Dithmenos
Elyvilon
Fedhas
Gozag
Hepliaklqana
Makhleb
Nemelex Xobeh
Okawaru
Qazlal
Ru
Trog
Uskayaw
Wu Jian
Xom
Yredelemnul
Zin
The Shining One

Annotations:
D:4 Edmund
D:7 Joseph


Innate Abilities, Weirdness & Mutations

You are immune to sickness and miasma.
You are immune to poison.
Your flesh is very heat resistant. (rF++)
You are vulnerable to cold. (rC-)
You float through the air rather than walking.
You learn spells naturally, not from books.
Your magical power is your life essence.
You have superior vitality. (+4 MHP)


Message History

Aim: a bullfrog (wandering, hasn't noticed you, 80% to hit)
The blast of sand hits the bullfrog!
The bullfrog is severely wounded.
Aiming: Sandblast (safe; 1% risk of failure)
Press: ? - help, Q - select action, (/) - cycle Shift-Dir - straight line, f/p - bullfrog
Aim: a bullfrog (severely wounded, 80% to hit)
The blast of sand misses the bullfrog.
The bullfrog barely misses you. The bullfrog hits you.
Aiming: Sandblast (safe; 1% risk of failure)
Press: ? - help, Q - select action, (/) - cycle Shift-Dir - straight line, f/p - bullfrog
Aim: a bullfrog (severely wounded, 80% to hit)
The blast of sand misses the bullfrog.
The bullfrog closely misses you.
The bullfrog hits you but does no damage.
Aiming: Sandblast (safe; 1% risk of failure)
Press: ? - help, Q - select action, (/) - cycle Shift-Dir - straight line, f/p - bullfrog
Aim: a bullfrog (severely wounded, 80% to hit)
The blast of sand hits the bullfrog!
You kill the bullfrog!
You now have 669 gold pieces (gained 6).
You start resting.
HP restored.
A cyclops is nearby!
Casting: Sandblast (safe; 1% risk of failure)
Confirm with . or Enter, or press ? or * to list all spells.
You can't see any susceptible monsters within range! (Use Z to cast anyway.)
The cyclops throws a large rock.
The large rock hits you!!!
Ouch! That really hurt!
Casting: Sandblast (safe; 1% risk of failure)
Confirm with . or Enter, or press ? or * to list all spells.
Aiming: Mephitic Cloud (dangerous; 3% risk of failure)
Press: ? - help, Shift-Dir - straight line The ball explodes into a vile cloud!
The stinking cloud engulfs the cyclops but does no damage.
* * * LOW HITPOINT WARNING * * *
The cyclops is engulfed in noxious fumes.
The cyclops is engulfed in noxious fumes.
The cyclops throws a large rock.
The large rock hits you!!
You die...
Your body crumbles into a pile of gold.

#...............# ♣.
##..............# ♣.
####...........# ♣.
##..........# ♣.
#.........##
#..........# ### #
##.....○☼○.# ♣.♣ ♣♣
###.....°☼○.#♣♣.♣♣♣♣.
#...@...○C☼..).♣.....
##........>.#♣♣.♣♣♣♣.
##.........# ♣.♣ ♣♣
#.........#########
#............###...
###..#.........##..
#.#..........#...
##.#..............
#............#....


You could see a cyclops.

Vanquished Creatures
  A steam dragon (D:7)
  2 water moccasins
  An ice beast (D:6)
  A black bear (D:6)
  An ogre (D:6)
  2 bullfrogs (D:7)
  A kobold brigand (D:7)
  A scorpion (D:5)
  2 jellies (D:6)
  2 wights (D:7)
  A howler monkey (D:6)
  2 vampire bats (D:5)
  5 hounds
  A gnoll bouda (D:7)
  2 iguanas (D:6)
  2 sleepcaps
  2 orc wizards
  Natasha (thrice) (D:4)
  Robin (D:2)
  6 gnolls
  15 adders
  An ufetubus (D:5)
  2 worms (D:2)
  A dart slug (D:4)
  6 orcs
  8 ball pythons
  3 endoplasms
  2 giant cockroaches
  17 goblins
  7 hobgoblins
  5 kobolds
  6 quokkas
  12 bats
  5 frilled lizards
129 creatures vanquished.

Vanquished Creatures (collateral kills)
  A gnoll sergeant (D:7)
1 creature vanquished.

Vanquished Creatures (others)
  47 plants (D:7)
47 creatures vanquished.

Grand Total: 177 creatures vanquished

Notes
Turn   | Place    | Note
-------+----------+-------------------------------------------
     0 | D:1      | Banquo the Djinni Hedge Wizard began the quest for the Orb.
     0 | D:1      | Banquo set off with the following spells memorised: Magic
                  | Dart, Slow, Blink, Call Imp, Mephitic Cloud.
     0 | D:1      | Reached XP level 1. HP: 15/15 MP: 0/0
   174 | D:1      | Reached XP level 2. HP: 19/21 MP: 0/0
   557 | D:2      | Noticed Robin
   584 | D:2      | Reached skill level 3 in Spellcasting
   607 | D:2      | Reached XP level 3. HP: 22/25 MP: 0/0
   607 | D:2      | Learned a level 1 spell: Sandblast
  1069 | D:2      | Reached XP level 4. HP: 29/31 MP: 0/0
  2015 | D:2      | Killed Robin
  3460 | D:3      | Reached XP level 5. HP: 33/35 MP: 0/0
  3460 | D:3      | Learned a level 2 spell: Ensorcelled Hibernation
  3514 | D:3      | Reached skill level 4 in Spellcasting
  3813 | D:3      | Found a burning altar of Makhleb.
  3817 | D:3      | Found a bloodstained altar of Trog.
  3818 | D:3      | Found a glowing golden altar of the Shining One.
  3819 | D:3      | Found a hide-covered altar of Uskayaw.
  3822 | D:3      | Found a broken altar of Ashenzari.
  3826 | D:3      | Found a blossoming altar of Fedhas.
  4008 | D:3      | Found a faded altar of an unknown god.
  4263 | D:4      | Reached XP level 6. HP: 32/40 MP: 0/0
  4486 | D:4      | Noticed Edmund
  4876 | D:4      | Noticed Natasha
  4880 | D:4      | Killed Natasha
  4936 | D:4      | Found a staircase to the Ecumenical Temple.
  4948 | Temple   | Entered the Ecumenical Temple
  4955 | Temple   | Became a worshipper of Gozag Ym Sagoz the Greedy
  5060 | D:4      | Noticed Natasha
  5072 | D:4      | Killed Natasha
  5152 | D:4      | Noticed Natasha
  5159 | D:4      | Killed Natasha
  5160 | D:4      | Reached skill level 5 in Spellcasting
  5254 | D:5      | Entered Level 5 of the Dungeon
  5345 | D:5      | Noticed a water moccasin
  5654 | D:5      | Reached XP level 7. HP: 37/45 MP: 0/0
  5654 | D:5      | Learned a level 3 spell: Ozocubu's Armour
  5672 | D:5      | Killed a water moccasin
  6342 | D:5      | Reached skill level 6 in Spellcasting
  6485 | D:6      | Reached XP level 8. HP: 26/51 MP: 0/0
  7088 | D:6      | Reached skill level 7 in Spellcasting
  7469 | D:7      | Reached XP level 9. HP: 39/56 MP: 0/0
  7469 | D:7      | Learned a level 4 spell: Animate Dead
  7698 | D:7      | Reached skill level 1 in Fighting
  7713 | D:7      | Reached skill level 1 in Shields
  7716 | D:7      | Noticed Joseph
  7894 | D:7      | Noticed a boulder beetle
  8092 | D:7      | Noticed a cyclops
  8187 | D:7      | Hit by a large rock thrown by a cyclops

Illustrated notes

Levels and vault maps discovered:
D:1:      dpeg_arrival_lava_temple_mockup, layout_rooms, minmay_small_reverse_x
D:2:      layout_basic, uniq_robin
D:3:      layout_basic, nicolae_overflow_hallway_of_the_gods,
          ebering_ecumenical_altar_abandoned, st_stairs_2, serial_bayou_lake_a
D:4:      layout_loops_ring, temple_hall, uniq_natasha, uniq_edmund
D:5:      layout_layer_cave, roderic_batcave
D:6:      layout_gridville, dreamdust_princess_corridor
D:7:      nzn_winding_woodlands_large [nzn_winding_woodlands_5x5_cross,
          nzn_winding_woodlands_5x15_parted,
          nzn_winding_woodlands_5x5_checkerboard,
          nzn_winding_woodlands_center_triple_pond,
          nzn_winding_woodlands_15x15_five_gardens,
          nzn_winding_woodlands_center_garden, nzn_winding_woodlands_hourglass,
          nzn_winding_woodlands_5x15_longhouse,
          nzn_winding_woodlands_5x5_open_star], layout_cave_pools,
          roderic_lattice_a, uniq_joseph, uniq_maggie
Temple:   minmay_freezing_vapour_temple

Skill      XL: |  1  2  3  4  5  6  7  8  9 |
---------------+----------------------------+-----
Spellcasting   | 3 4 5 6 7 |  7.5
Stealth        | 2 3 4 |  4.1
Dodging        | 3 4 |  4.3
Fighting       | 2 |  2.7
Shields        | 2 |  2.4
Short Blades   | |  0.7

Action                     |  1- 3 |  4- 6 |  7- 9 || total
---------------------------+-------+-------+-------++-------
  Melee: Dagger            |       |     5 |     2 ||     7
   Cast: Magic Dart        |    59 |   102 |    66 ||   227
         Sandblast         |     6 |    30 |    75 ||   111
         Call Imp          |       |     2 |     4 ||     6
         Mephitic Cloud    |       |     7 |    12 ||    19
         Ensorcelled Hiber |       |     1 |     3 ||     4
         Ozocubu's Armour  |       |       |     2 ||     2
         Slow              |       |       |     3 ||     3
    Use: Scroll            |       |     6 |     1 ||     7
   Stab: Confused          |       |     1 |       ||     1
         Sleeping          |       |       |     2 ||     2
 Armour: Robe              |     3 |     8 |    17 ||    28
  Dodge: Dodged            |     9 |    18 |    21 ||    48
  Block: Kite shield       |       |       |     5 ||     5

Table legend: (Time is in decaauts)
 A = Elapsed time spent in this place.
 B = Non-inter-level travel time spent in this place.
 C = Inter-level travel time spent in this place.
 D = Time resting spent in this place.
 E = Time spent auto-exploring this place.
 F = Levels seen in this place.
 G = Mean time per level.
                   A        B        C        D        E       F      G
               +--------+--------+--------+--------+--------+-----+--------+
         Total |   8250 |   7657 |    593 |    744 |   5390 |   8 | 1031.2 |
       Dungeon |   8238 |   7649 |    589 |    744 |   5390 |   7 | 1176.9 |
        Temple |     12 |      8 |      4 |      0 |      0 |   1 |   12.0 |
               +--------+--------+--------+--------+--------+-----+--------+

Top non-repeatable levels by time:
     D:2: 2912 daAuts
     D:5: 1252 daAuts
     D:6: 1104 daAuts
     D:3: 895 daAuts
     D:4: 876 daAuts
     D:1: 601 daAuts
     D:7: 595 daAuts
  Temple: 12 daAuts
